 Dungeon Crawl Stone Soup version 0.20-a0-350-ga83eecc (webtiles) character file.

6892 hairmachine the Cleaver (level 10, -11/91 HPs)
             Began as a Minotaur Assassin on Dec 24, 2016.
             Was an Elder of Makhleb.
             Killed from afar by an electric eel (12 damage)
             ... with a bolt of electricity
             ... on level 8 of the Dungeon.
             The game lasted 00:48:18 (11206 turns).

hairmachine the Cleaver (Minotaur Assassin)        Turns: 11206, Time: 00:48:22

Health: -11/91     AC: 12    Str: 19    XL:     10   Next: 79%
Magic:  13/13      EV:  8    Int: 11    God:    Makhleb [****..]
Gold:   356        SH:  5    Dex: 12    Spells: 9/9 levels left

rFire  . . .     SeeInvis +     I - +0 war axe
rCold  . . .     Gourm    .     G - +0 chain mail
rNeg   . . .     Faith    .     (no shield)
rPois  .         Spirit   .     (helmet restricted)
rElec  .         Reflect  +     d - +0 cloak
rCorr  .         Harm     .     (no gloves)
MR     .....                    (no boots)
Stlth  ..........               n - +5 amulet of reflection
                                i - ring of see invisible (curse) {sInv, !d}
                                x - +3 ring of intelligence

@: drained
A: retaliatory headbutt, horns 2
a: Minor Destruction, Lesser Servant of Makhleb, Major Destruction, Renounce
Religion


You were on level 8 of the Dungeon.
You worshipped Makhleb.
Makhleb was greatly pleased with you.
You were not hungry.

You visited 1 branch of the dungeon, and saw 8 of its levels.
You also visited: Ossuary.

You collected 356 gold pieces.


Innate Abilities, Weirdness & Mutations

You reflexively headbutt those who attack you in melee.
You have a pair of horns on your head.


   Skills:
 + Level 9.0(8.3) Fighting
   Level 2.5(1.9) Short Blades
 * Level 13.2(12.4) Axes
 - Level 2.1(1.5) Crossbows
 - Level 2.0(1.4) Throwing
 - Level 8.0(7.3) Armour
 - Level 1.1(0.5) Dodging
 - Level 3.2(2.6) Stealth
 + Level 5.9(5.2) Invocations


You had 9 spell levels left.
You didn't know any spells.

Inventory:

Hand Weapons
 g - a +0 blowgun
 l - a +2 flail
   (You took it off a wight on level 8 of the Dungeon)
 r - the +9 hand crossbow of Invincibility {penet, rF- Int+6 Dex+3 SInv}
   (You found it in an ossuary)

   Ammo fired by it will pass through the targets it hits, potentially hitting
   all targets in its path until it reaches maximum range.
   It affects your intelligence (+6).
   It affects your dexterity (+3).
   It makes you vulnerable to fire.
   It lets you see invisible.
 I - a +0 war axe (weapon)
   (You found it on level 6 of the Dungeon)
Missiles
 e - 24 poisoned needles
 f - a curare-tipped needle
 j - 23 bolts
 C - 45 stones
 E - a throwing net (quivered) {!f=f, !d}
 J - 2 needles of confusion
Armour
 d - a +0 cloak (worn)
 G - a +0 chain mail (worn)
   (You took it off an orc on level 6 of the Dungeon)
Rods
 L - a +2 rod of clouds (13/13) {!a}
   (You found it on level 8 of the Dungeon)
Jewellery
 i - a cursed ring of see invisible (right hand) {sInv, !d}
   (You found it on level 4 of the Dungeon)
 n - a +5 amulet of reflection (around neck)
   (You found it on level 1 of the Dungeon)
 v - an uncursed ring of resist corrosion
   (You found it on level 1 of the Dungeon)
 x - a +3 ring of intelligence (left hand)
   (You found it on level 3 of the Dungeon)
 P - a +2 ring of strength {unknown}
   (You found it on level 8 of the Dungeon)
Wands
 b - a wand of polymorph (13/24)
   (You took it off an orc wizard on level 8 of the Dungeon)
 h - a wand of acid (4/15)
   (You found it on level 7 of the Dungeon)
 o - a wand of digging (14/24)
   (You took it off an orc on level 7 of the Dungeon)
 D - a wand of iceblast (6/15)
   (You took it off Joseph on level 7 of the Dungeon)
 O - a wand of paralysis (9/24)
   (You found it on level 8 of the Dungeon)
Scrolls
 a - 2 scrolls of fog {!r}
 q - 3 scrolls of identify {!r}
 t - 3 scrolls of teleportation {!r}
 u - a scroll of magic mapping {!r}
 y - 3 scrolls of enchant armour {!r}
 z - a scroll of amnesia {!r}
 B - 4 scrolls of remove curse {!r}
Potions
 s - a potion of flight {!q, unknown}
 w - a potion of berserk rage {!q, unknown}
 A - a potion of brilliance {!q, unknown}
 H - a potion of mutation {!q, unknown}
 M - a potion of cancellation {!q, unknown}
 N - a potion of degeneration {!q, unknown}
Comestibles
 c - 2 meat rations
 k - 3 beef jerkies
 m - 7 royal jellies
 p - 2 chunks of flesh
 F - 3 bread rations

Dungeon Overview and Level Annotations

Branches:
Dungeon (8/15)             Temple (0/1) D:4            Lair (0/6) D:8

Altars:
Hepliaklqana
Makhleb
Nemelex Xobeh

Annotations:
D:1 exclusion: downstairs
D:6 exclusion: downstairs
D:7 exclusion: downstairs, HAL9000's ghost, novice MiFi
D:8 3 exclusions

##........o..o..........#
###[#.##########@.#####**
## #.#.# #.## ##. #.#.#
#######.##############..
#.#.#
#...[)).†.(.............
#.#.#
#.#########.###.######..
#.#.# #.# #.# #.# ##.
#.#.####.####### #.# #.#
## #..........)...# #.#
#.# #
##.......#####.###.#
#.######## ##.######
#.....# #......... ###
####### ##########


You could see an orc warrior, 2 electric eels and 2 orcs.


Message History

Aim: an ogre, wielding a giant club (hasn't noticed you)
You shoot a bolt. The ogre shouts!
The bolt pierces through the ogre!
The ogre is moderately wounded.
Firing (i - inventory. (,) - cycle):
j - 22 bolts (quivered)
Press: ? - help, Shift-Dir - straight line, f/p - ogre
Aim: an ogre, wielding a giant club (moderately wounded)
You shoot a bolt. The bolt pierces through the ogre!
The ogre is almost dead.
Firing (i - inventory. (,) - cycle):
j - 21 bolts (quivered)
Press: ? - help, Shift-Dir - straight line, f/p - ogre
Aim: an ogre, wielding a giant club (almost dead)
You shoot a bolt.
The bolt pierces through the ogre but does no damage.
The ogre is almost dead.
Firing (i - inventory. (,) - cycle):
j - 20 bolts (quivered)
Press: ? - help, Shift-Dir - straight line, f/p - ogre
Aim: an ogre, wielding a giant club (almost dead)
You shoot a bolt. The bolt pierces through the ogre.
You kill the ogre!
You feel better.
You see here a ring mail.
Things that are here:
a shortbow; 23 arrows You see here a giant club.
You see here a killer bee corpse.
j - 23 bolts (gained 4)
You see here 2 arrows.
Wield which item (- for none, * to show all)? (? for menu, Esc to quit)
I - a +0 war axe (weapon)
You see here a killer bee corpse.
The electric eel shoots out a bolt of lightning at you!
The bolt of electricity hits you!
Damage: -6%(-6hp) hp: 94%(85hp)
The electric eel shoots out a bolt of lightning at you!
The bolt of electricity hits you!
Damage: -15%(-14hp) hp: 79%(71hp)
An orc comes into view. It is wielding a trident.
The orc shouts!
The electric eel shoots out a bolt of lightning at you!
The bolt of electricity hits you!
The bolt of electricity hits the electric eel.
The electric eel completely resists.
Damage: -7%(-6hp) hp: 72%(65hp)
You barely miss the electric eel. Your headbutt misses the electric eel.
You completely miss the electric eel. Your headbutt misses the electric eel.
The electric eel shoots out a bolt of lightning at you!
The bolt of electricity hits you!
* * * LOW HITPOINT WARNING * * *
The bolt of electricity hits you!
* * * LOW HITPOINT WARNING * * *
The bolt of electricity hits the electric eel.
The electric eel completely resists.
Huge Dmg: -17%(-15hp) hp: 55%(50hp)
You slash the electric eel!
The electric eel is heavily wounded.
The electric eel shoots out a bolt of lightning at you!
The bolt of electricity hits you!
* * * LOW HITPOINT WARNING * * *
The bolt of electricity hits you!
* * * LOW HITPOINT WARNING * * *
The bolt of electricity hits the electric eel.
The electric eel completely resists.
An orc and an orc warrior come into view.
Huge Dmg: -12%(-11hp) hp: 43%(39hp)
You closely miss the electric eel.
The electric eel is heavily wounded.
The orc warrior shouts!
The orc shouts!
The electric eel shoots out a bolt of lightning at you!
The bolt of electricity hits you!
* * * LOW HITPOINT WARNING * * *
The bolt of electricity hits you!
* * * LOW HITPOINT WARNING * * *
The bolt of electricity hits the electric eel.
The electric eel completely resists.
The electric eel shoots out a bolt of lightning at you!
The bolt of electricity misses you. The bolt of electricity hits you!
* * * LOW HITPOINT WARNING * * *
The bolt of electricity hits the electric eel.
The electric eel completely resists.
Huge Dmg: -25%(-23hp) hp: 18%(16hp)
The electric eel shoots out a bolt of lightning at you!
The bolt of electricity hits you!
* * * LOW HITPOINT WARNING * * *
The electric eel shoots out a bolt of lightning at you!
The bolt of electricity hits you!
* * * LOW HITPOINT WARNING * * *
The bolt of electricity hits you!
* * * LOW HITPOINT WARNING * * *
The bolt of electricity hits the electric eel.
The electric eel completely resists.
Huge Dmg: -16%(-15hp) hp: 2%(1hp)
Okay, then.
Really read
u - 2 scrolls labeled WEMMAN MAFUA {!r}?
As you read the scroll labeled WEMMAN MAFUA {!r}, it crumbles to dust.
You feel aware of your surroundings.
It was a scroll of magic mapping {!r}.
The electric eel shoots out a bolt of lightning at you!
The bolt of electricity hits you!
You die...

Vault maps used:
D:1:      denvon_arrival_planthouse, corexii_hall_statues_t
D:2:      lemuel_crystal_altar, uniq_jessica
D:3:      minmay_roachtagon, serial_forest, infiniplex_forest_clump_small,
          infiniplex_forest_clump_cross, infiniplex_forest_straight_4,
          infiniplex_forest_clump_medium, infiniplex_forest_lined_1,
          infiniplex_forest_zigzag_1, uniq_natasha, uniq_terence
D:4:      nemelex_dance_club_becter
D:5:      cheibrodos_helix_gallery, nicolae_ossuary_entry_catacombs, first_bread
D:6:      basic_altar
D:7:      grunt_decor_mini_mirrors, minmay_misc_feat_square, uniq_pikel,
          uniq_joseph
D:8:      erik_lair_island, david_nohive_1, kennysheep_generic_room_7
Ossuary:  ossuary_tomb_1

Notes
Turn   | Place    | Note
-------+----------+-------------------------------------------
     0 | D:1      | hairmachine the Minotaur Assassin began the quest for the Orb.
     0 | D:1      | Reached XP level 1. HP: 18/18 MP: 0/0
   291 | D:1      | Reached skill level 1 in Axes
   300 | D:1      | Reached XP level 2. HP: 25/25 MP: 1/1
   826 | D:1      | Reached skill level 2 in Axes
  1266 | D:2      | Reached XP level 3. HP: 30/30 MP: 2/2
  1283 | D:2      | Reached skill level 3 in Axes
  1371 | D:2      | Noticed Jessica
  1382 | D:2      | Killed Jessica
  1382 | D:2      | Reached skill level 4 in Axes
  1382 | D:2      | Reached XP level 4. HP: 20/37 MP: 3/3
  1522 | D:2      | Found a burning altar of Makhleb.
  1530 | D:2      | Became a worshipper of Makhleb the Destroyer
  2186 | D:3      | Noticed Natasha
  2194 | D:3      | Killed Natasha
  2194 | D:3      | Reached skill level 5 in Axes
  2208 | D:3      | Noticed Natasha
  2214 | D:3      | Killed Natasha
  2214 | D:3      | Reached XP level 5. HP: 31/42 MP: 4/4
  2359 | D:3      | Noticed Natasha
  2365 | D:3      | Killed Natasha
  2436 | D:3      | Reached skill level 6 in Axes
  2494 | D:3      | Noticed Terence
  2525 | D:3      | Killed Terence
  2613 | D:3      | Reached * piety under Makhleb
  3296 | D:4      | Reached XP level 6. HP: 47/50 MP: 5/5
  3337 | D:4      | Found a sparkling altar of Nemelex Xobeh.
  3342 | D:4      | Reached skill level 7 in Axes
  3404 | D:4      | Reached skill level 1 in Armour
  3737 | D:4      | Found a staircase to the Ecumenical Temple.
  4155 | D:5      | Entered Level 5 of the Dungeon
  4322 | D:5      | Reached XP level 7. HP: 46/57 MP: 6/6
  4332 | D:5      | Found a sand-covered staircase.
  4345 | D:5      | Reached skill level 8 in Axes
  4349 | Ossuary  | Entered an ossuary
  4410 | Ossuary  | Reached ** piety under Makhleb
  4763 | Ossuary  | Got a fine hand crossbow
  4804 | Ossuary  | Reached skill level 9 in Axes
  4855 | Ossuary  | Identified the +9 hand crossbow of Invincibility {penet, rF- Int+6 Dex+3 SInv} (You found it in an ossuary)
  5144 | D:5      | Reached skill level 5 in Fighting
  5144 | D:5      | Reached XP level 8. HP: 58/68 MP: 7/7
  5557 | D:5      | Reached *** piety under Makhleb
  5784 | D:5      | Reached skill level 1 in Crossbows
  6252 | D:5      | Reached skill level 5 in Armour
  6483 | D:6      | Reached skill level 10 in Axes
  6483 | D:6      | Reached skill level 1 in Invocations
  6964 | D:6      | Reached **** piety under Makhleb
  6972 | D:6      | Reached XP level 9. HP: 53/75 MP: 9/9
  7138 | D:6      | Found a hazy altar of Hepliaklqana.
  7354 | D:7      | Noticed HAL9000's ghost (novice MiFi)
  7530 | D:7      | Noticed Joseph
  7546 | D:7      | Killed Joseph
  7598 | D:7      | Noticed Pikel
  7620 | D:7      | Killed Pikel
  7620 | D:7      | Reached skill level 11 in Axes
  8503 | D:8      | Identified a +2 rod of clouds (13/13) (You found it on level 8 of the Dungeon)
  8598 | D:8      | Noticed a troll
  8606 | D:8      | Killed a troll
  8606 | D:8      | Reached XP level 10. HP: 86/86 MP: 12/12
  8787 | D:8      | Reached skill level 12 in Axes
  9005 | D:8      | Found a staircase to the Lair.
  9351 | D:8      | Noticed a two-headed ogre
  9625 | D:8      | Killed a two-headed ogre
  9625 | D:8      | Reached skill level 5 in Invocations
 10594 | D:8      | Reached skill level 13 in Axes
 11205 | D:8      | HP: 1/91 [electric eel/bolt of electricity (4)]
 11206 | D:8      | Killed from afar by an electric eel

Vanquished Creatures
  A two-headed ogre (D:8)
  Pikel (D:7)
  A troll (D:8)
  2 orc warriors
  3 sky beasts
  An ice beast (D:8)
  A phantom (D:8)
  A slave (D:7)
  A black bear (D:8)
  3 centaurs
  4 wolves (D:8)
  3 ogres
  A big kobold (D:8)
  4 elf zombies
  A bullfrog (D:7)
  3 elf skeletons (D:5)
  3 scorpions
  7 wights (D:8)
  17 killer bees (D:8)
  A howler monkey (D:6)
  5 crimson imps
  3 centaur zombies
  A bullfrog zombie (D:5)
  2 human zombies (Ossuary)
  A quasit (D:8)
  3 orc priests
  A bullfrog skeleton (D:5)
  6 hounds
  A centaur skeleton (D:6)
  6 orc wizards
  2 iguanas
  Jessica (D:2)
  A human skeleton (D:5)
  Natasha (thrice) (D:3)
  Terence (D:3)
  8 worker ants
  2 big kobold zombies (Ossuary)
  A hound zombie (D:5)
  2 hound skeletons (D:8)
  2 mummies (Ossuary)
  A worker ant zombie (D:7)
  9 adders
  A shadow imp (D:6)
  2 oozes
  An adder zombie (D:8)
  An adder skeleton (D:6)
  A worm (D:2)
  3 dart slugs (D:2)
  A leopard gecko (D:7)
  31 orcs
  7 bats
  16 giant cockroaches
  2 goblins
  2 hobgoblins (D:1)
  2 jackals
  7 kobolds
  4 quokkas
  2 frilled lizards
  9 hobgoblin zombies (Ossuary)
  A jackal zombie (Ossuary)
  12 kobold zombies (Ossuary)
  8 orc zombies
  7 rats
  A rat zombie (Ossuary)
  A plant (D:3)
243 creatures vanquished.

Vanquished Creatures (collateral kills)
  Joseph (D:7)
  A queen bee (D:8)
  6 killer bees (D:8)
  2 hounds (D:8)
  An adder (D:8)
  A quokka zombie (D:7)
12 creatures vanquished.

Vanquished Creatures (others)
  2 worker ants (D:7)
  An orc (D:7)
3 creatures vanquished.

Grand Total: 258 creatures vanquished

Action                   |  1- 3 |  4- 6 |  7- 9 | 10-12 || total
-------------------------+-------+-------+-------+-------++-------
Melee: Dagger            |    11 |       |       |       ||    11
       Hand axe          |    45 |   189 |   389 |       ||   623
       Headbutt          |     6 |    42 |   112 |    44 ||   204
       War axe           |       |       |   136 |   233 ||   369
       Unarmed           |       |       |       |     3 ||     3
 Fire: Blowgun           |     2 |       |     4 |     9 ||    15
       Hand crossbow     |       |       |    29 |    11 ||    40
Throw: Stone             |     4 |    17 |     4 |       ||    25
       Throwing net      |       |       |     1 |       ||     1
Invok: Lesser Servant of |       |       |     2 |     4 ||     6
Evoke: Rod               |       |       |     1 |       ||     1
  Use: Scroll            |       |     7 |     4 |     3 ||    14
       Potion            |       |     1 |     1 |     4 ||     6
 Stab: Sleeping          |     5 |     2 |       |       ||     7
       Held in net/web   |       |       |     1 |       ||     1
       Confused          |       |       |     1 |       ||     1
       Distracted        |       |       |       |     1 ||     1
  Eat: Chunk             |     1 |    10 |    10 |     9 ||    30
       Bread ration      |     1 |       |     1 |       ||     2
Armor: Robe              |    16 |       |       |       ||    16
       Ring mail         |     1 |     5 |       |       ||     6
       Scale mail        |       |    37 |    65 |       ||   102
       Skin              |       |     5 |    13 |       ||    18
       Chain mail        |       |       |    77 |   116 ||   193
Dodge: Dodged            |    24 |    55 |   111 |    97 ||   287
Block: Other             |       |     7 |    72 |    66 ||   145
       Reflection        |       |       |     4 |     1 ||     5

Skill      XL: |  1  2  3  4  5  6  7  8  9 10 |
---------------+-------------------------------+-----
Axes           | 1 2 4 5 6 7 9 10 11 13 | 13.2
Armour         | 2 4 5 7 8 |  8.0
Fighting       | 3 5 6 7 9 |  9.0
Crossbows      | 2 |  2.1
Invocations    | 2 4 5 |  5.9
Short Blades   | |  2.5
Throwing       | |  2.0
Dodging        | |  1.1
Stealth        | |  3.2
